 Dungeon Crawl Stone Soup version 0.19-a0-1260-gc94d3f7 (webtiles) character file.

26 Kurtz the Conjurer (level 3, 0/19 HPs)
             Began as a Kobold Conjurer on Aug 29, 2016.
             Slain by a giant gecko (1 damage)
             ... on level 1 of the Dungeon.
             The game lasted 00:01:31 (974 turns).

Kurtz the Conjurer (Kobold Conjurer)                 Turns: 974, Time: 00:01:32

Health: 0/19       AC:  8    Str:  6    XL:     3   Next: 22%
Magic:  5/6        EV:  3    Int: 14    God:
Gold:   85         SH:  0    Dex: 16    Spells: 1 memorised, 5 levels left

rFire  . . .     SeeInvis .     m - +0 whip
rCold  . . .     Gourm    .     h - +0 chain mail
rNeg   . . .     Faith    .     (shield restricted)
rPois  .         Spirit   .     (no helmet)
rElec  .         Dismiss  .     (no cloak)
rCorr  .         Reflect  .     (no gloves)
MR     .....     Harm     .     (no boots)
Stlth  ..........               (no amulet)
                                (no ring)
                                (no ring)

@: very slightly contaminated
A: carnivore 3
a: no special abilities


You were on level 1 of the Dungeon.
You were full.

You visited 1 branch of the dungeon, and saw 1 of its levels.

You collected 85 gold pieces.

Inventory:

Hand Weapons
 e - a +0 club
 m - a +0 whip (weapon)
Armour
 a - a +0 robe
 d - a +0 ring mail
 h - a +0 chain mail (worn)
Scrolls
 g - a scroll of magic mapping {unknown}
 k - a scroll of fear {unknown}
 n - a scroll of identify {unknown}
Potions
 f - a potion of lignification {unknown}
 j - a potion of brilliance {unknown}
 l - a potion of agility {unknown}
Books
 b - a book of Conjurations

   Spells                             Type                      Level
   a - Magic Dart                     Conjuration                  1
   b - Searing Ray                    Conjuration                  2
   c - Dazzling Spray                 Conjuration/Hexes            3
   d - Fulminant Prism                Conjuration/Hexes            4
   e - Iskenderun's Mystic Blast      Conjuration                  4
   f - Iskenderun's Battlesphere      Conjuration/Charms           5
Comestibles
 c - a meat ration
 i - a beef jerky


   Skills:
 - Level 2.4 Dodging
 + Level 2.9 Stealth
 * Level 2.1 Spellcasting
 * Level 4.3 Conjurations


You had 5 spell levels left.
You knew the following spells:

 Your Spells              Type           Power        Failure   Level  Hunger
a - Magic Dart            Conj           ##..         100%        1    ##.....


Dungeon Overview and Level Annotations

Branches:
Dungeon (1/15)

Altars:


Innate Abilities, Weirdness & Mutations

You are small and have problems with some larger weapons.
You are carnivorous and can eat meat at any time.


Message History

The giant gecko bites you but does no damage.
You hit the giant gecko but do no damage.
The giant gecko bites you but does no damage.
You miss the giant gecko. The giant gecko bites you.
* * * LOW HITPOINT WARNING * * *
The giant gecko bites you.
* * * LOW HITPOINT WARNING * * *
You are too injured to fight recklessly!
You are too injured to fight recklessly!
You are too injured to fight recklessly!
You are too injured to fight recklessly!
Casting: Magic Dart
Confirm with . or Enter, or press ? or * to list all spells.
Aiming: Magic Dart
Press: ? - help, Shift-Dir - straight line, f - giant gecko
Aim: a giant gecko (clinging)
You miscast Magic Dart.
You are very lightly contaminated with residual magic.
Your hair stands on end.
The giant gecko bites you.
You die...

...........#
######...### #...# ##
#...# . #..)# #.
#...###### ##.#
#......... #(.l##
#..####### #@## #..#
#.. #..# #..# #.#
#..# #..# #.#
.......#.# #..# #.#
####..##.## #..# #.#
#... #..#...# #..#
#.# #... ####..#...#
#..# #.. #...
.....#...#####..# ###
.).
..###...........##..#


You could see a giant gecko.

Vanquished Creatures
  3 dart slugs (D:1)
  4 bats (D:1)
  2 giant cockroaches (D:1)
  3 goblins (D:1)
  3 hobgoblins (D:1)
  A kobold (D:1)
  A rat (D:1)
17 creatures vanquished.

Vanquished Creatures (others)
  A giant newt (D:1)
1 creature vanquished.

Grand Total: 18 creatures vanquished

Notes
Turn   | Place    | Note
-------+----------+-------------------------------------------
     0 | D:1      | Kurtz the Kobold Conjurer began the quest for the Orb.
     0 | D:1      | Reached XP level 1. HP: 10/10 MP: 3/3
   155 | D:1      | Reached XP level 2. HP: 9/15 MP: 1/5
   278 | D:1      | Reached skill level 4 in Conjurations
   569 | D:1      | Reached XP level 3. HP: 11/19 MP: 6/6
   974 | D:1      | Slain by a giant gecko

Vault maps used:
D:1:      sevenhm_arrival_forest_fort_small_3, lemuel_old_faithful

Skill      XL: |  1  2 |
---------------+-------+-----
Conjurations   | 4 |  4.3
Dodging        | |  2.4
Stealth        | |  2.9
Spellcasting   | |  2.1

Action                   || total
-------------------------++-------
Melee: Unarmed           ||    38
       Club              ||    45
       Whip              ||    30
 Cast: Magic Dart        ||    11
 Stab: Sleeping          ||     1
  Eat: Chunk             ||     5
Armor: Ring mail         ||    13
       Chain mail        ||    50
Dodge: Dodged            ||    29
